 Dungeon Crawl Stone Soup version 0.18-a0-1164-g7046a04 (webtiles) character file.

14 poirepourri the Insei (level 2, -2/18 HPs)
             Began as an Octopode Transmuter on Jan 25, 2016.
             Slain by an adder (3 damage)
             ... on level 1 of the Dungeon.
             The game lasted 00:00:37 (481 turns).

poirepourri the Insei (Octopode Transmuter)          Turns: 481, Time: 00:00:37

Health: -2/18      AC:  1    Str:  9    XL:     2   Next: 41%
Magic:  5/5        EV: 12    Int: 15    God:
Gold:   10         SH:  0    Dex: 12    Spells: 1 memorised, 4 levels left

rFire  . . .     SeeInvis .       - Unarmed
rCold  . . .     Gourm    .     (no shield)
rNeg   . . .     Faith    .     (helmet restricted)
rPois  .         Spirit   .     (no amulet)
rElec  .         Dismiss  .     (no ring)
rCorr  .         Reflect  .     (no ring)
SustAt .         Harm     .     (no ring)
MR     .....                    (no ring)
Stlth  ++........               (no ring)
                                (no ring)
                                (no ring)
                                (no ring)

@: lethally poisoned (-2 -> -7), not resistant to hostile enchantments,
unstealthy
A: almost no armour, amphibious, 8 rings, constrict 8, camouflage 1, gelatinous
body 1
a: no special abilities


You were on level 1 of the Dungeon.
You were not hungry.

You visited 1 branch of the dungeon, and saw 1 of its levels.

You collected 10 gold pieces.

Inventory:

Missiles
 a - 12 arrows
Scrolls
 g - a scroll of remove curse {unknown}
 h - a scroll of identify {unknown}
Potions
 e - a potion of haste {unknown}
 f - 2 potions of curing {unknown}
Books
 b - a book of Changes

   Spells                             Type                      Level
   a - Beastly Appendage              Transmutation                1
   b - Sticks to Snakes               Transmutation                2
   c - Spider Form                    Transmutation/Poison         3
   d - Ice Form                       Ice/Transmutation            4
   e - Blade Hands                    Transmutation                5
Comestibles
 c - a bread ration
 d - 5 fruits


   Skills:
 + Level 1.0 Fighting
 + Level 2.2 Dodging
 + Level 0.4 Stealth
 + Level 3.3 Unarmed Combat
 + Level 2.0 Spellcasting
 + Level 2.1 Transmutations


You had 4 spell levels left.
You knew the following spells:

 Your Spells              Type           Power        Failure   Level  Hunger
a - Beastly Appendage     Trmt           #.....       12%         1    #......


Dungeon Overview and Level Annotations

Branches:
Dungeon (1/15)

Altars:


Innate Abilities, Weirdness & Mutations

You cannot wear most types of armour.
You are amphibious.
You can wear up to eight rings at the same time.
You can use your tentacles to constrict eight enemies at once.
Your skin changes colour to match your surroundings (Stealth).
Your rubbery body absorbs attacks (AC +1).


Message History

You constrict the giant gecko.
You kill the giant gecko!
The rat bites you but does no damage. The rat barely misses you.
The rat barely misses you.
You tentacle-slap the rat.
You kill the rat!
You see here a rat corpse.
An adder is nearby!
You start resting.
The adder barely misses you.
You barely miss the adder. Your grab misses the adder. The adder bites you.
You are poisoned.
The adder poisons you! The adder barely misses you.
You completely miss the adder. Your grab misses the adder.
Your squeeze misses the adder.
You feel sick. The adder bites you.
* * * LOW HITPOINT WARNING * * *
You miss the adder. You grab the adder. You constrict the adder.
The adder bites you.
You die...

##################
##................#
##.#.#.#.#.#.#.#.#.#
#..................#
##.#.#.#.#.#.#.#.#.#
#....†.............#
##.#.#.#.#.#.#.#.#.##
#.....S@........>...#
##.#.#.#.#.#.#.#.#.##
...S.#####.###.###.#
###..## #.# #.# #.#
.... #.# #.###.##
#.#.# ..# #......##
..... ### ####....#
..... #....# ##.#.#


You could see an adder.

Vanquished Creatures
  A giant gecko (D:1)
  3 hobgoblins (D:1)
  3 bats (D:1)
  2 giant newts (D:1)
  2 goblins (D:1)
  2 rats (D:1)
13 creatures vanquished.

Notes
Turn   | Place    | Note
--------------------------------------------------------------
     0 | D:1      | poirepourri the Octopode Transmuter began the quest for the Orb.
     0 | D:1      | Reached XP level 1. HP: 13/13 MP: 3/3
   173 | D:1      | Reached XP level 2. HP: 18/18 MP: 5/5
   481 | D:1      | Slain by an adder

Vault maps used:
D:1:      minmay_arrival_split_and_join, serial_forest,
          infiniplex_forest_corner_2, infiniplex_forest_lined_4_way,
          infiniplex_forest_straight_4, infiniplex_forest_end_3,
          infiniplex_forest_lined_2, infiniplex_forest_lined_3,
          minmay_misc_feat_pillars, st_stairs_12

Action                   || total
-------------------------++-------
Melee: Unarmed           ||    25
 Stab: Sleeping          ||     1
